 Dungeon Crawl Stone Soup version 0.29-a0-320-g9f8742066b (webtiles) character file.

Game seed: 11432565295152087805

368 experimilk the Cudgeller (level 6, -2/50 HPs)
             Began as a Palentonga Fighter on Apr 2, 2022.
             Slain by a gnoll
             ... wielding a +0 spear
              (5 damage)
             ... on level 4 of the Dungeon.
             The game lasted 00:06:14 (3581 turns).

experimilk the Cudgeller (Palentonga Fighter)       Turns: 3581, Time: 00:06:15

Health: -2/50      AC:  6    Str: 21    XL:     6   Next: 41%
Magic:  6/6        EV:  7    Int:  8    God:
Gold:   226        SH:  4    Dex: 10    Spells: 5/5 levels left

rFire   . . .      SeeInvis +   a - +0 flail
rCold   . . .      Faith    .   c - +0 buckler
rNeg    . . .      Spirit   .   b - +0 scale mail
rPois   .          Reflect  .   (no helmet)
rElec   .          Harm     .   (no cloak)
rCorr   .          Rampage  .   (no gloves)
Will    .....                   (no barding)
Stlth   ..........              (no amulet)
HPRegen 0.16/turn               (no ring)
MPRegen 0.10/turn               (no ring)

@: mighty, lit by a corona, glowing
A: large, rugged brown scales 3, see invisible, deformed body, roll 1, armoured
tail
a: Rolling Charge


You were on level 4 of the Dungeon.
You visited 1 branch of the dungeon, and saw 4 of its levels.

You collected 226 gold pieces.

Inventory:

Hand Weapons
 a - a +0 flail (weapon)
 r - a +1 demon blade of electrocution
Armour
 b - a +0 scale mail (worn)
 c - a +0 buckler (worn)
Jewellery
 h - a ring of protection from cold
Wands
 n - a wand of flame (42)
 p - a wand of acid (5)
 q - a wand of polymorph (5)
Scrolls
 f - a scroll of magic mapping {unknown}
 g - a scroll of vulnerability {unknown}
 i - 3 scrolls of identify
 j - a scroll of fear {unknown}
 m - a scroll of teleportation {unknown}
 o - 2 scrolls of noise {unknown}
 s - a scroll of enchant weapon {unknown}
Potions
 d - 2 potions of might
 e - 2 potions of haste
 k - 2 potions of mutation
 l - a potion of attraction


   Skills:
 * Level 3.6 Fighting
 * Level 6.3 Maces & Flails
 + Level 2.6 Armour
 - Level 2.4 Shields
 + Level 0.8 Evocations


You had 5 spell levels left.
You didn't know any spells.
Your spell library contained the following spells:

 Spells                   Type           Power      Damage    Failure   Level
 Sublimation of Blood     Necr           0%         N/A       92%         2
 Wereblood                Tmut           0%         N/A       92%         2
 Summon Hydra             Summ           0%         N/A       100%        7


Dungeon Overview and Level Annotations

Branches:
Dungeon (4/15)
 Temple: D:4-7

Altars:

Annotations:
D:2 1 runed translucent door, Crazy Yiuf


Innate Abilities, Weirdness & Mutations

You are completely covered in rugged brown scales. (AC +3, +7% HP)
You have supernaturally acute eyesight. (SInv)
Armour fits poorly on your strangely shaped body.
You can roll at nearby foes to attack.
You have a long armoured tail.


Message History

Aim: a gnoll shaman, wielding a +0 whip and wearing a +0 leather armour (severely wounded)
You roll forward with a clatter of scales! 2 gnolls come into view.
The gnoll shouts! x2
You hit the gnoll shaman.
The gnoll shaman is almost dead.
The gnoll shaman utters an invocation to its god.
The gnoll shaman is healed somewhat.
The gnoll hits you from afar with a +0 spear.
You barely miss the gnoll shaman.
The gnoll shaman is severely wounded.
The gnoll shaman invokes the aid of its god against you.
You are outlined in light.
The gnoll hits you from afar with a +0 spear!
The gnoll throws a throwing net.
The throwing net barely misses you.
You hit the gnoll shaman.
You tail-slap the gnoll shaman, but do no damage.
The gnoll shaman is severely wounded.
The gnoll shaman hits you with a +0 whip!
The gnoll hits you from afar with a +0 spear.
You feel very mighty all of a sudden.
The gnoll shaman hits you with a +0 whip!
The gnoll hits you from afar with a +0 spear.
* * * LOW HITPOINT WARNING * * *
You bludgeon the gnoll shaman!!
You kill the gnoll shaman!
The gnoll hits you from afar with a +0 spear.
* * * LOW HITPOINT WARNING * * *
The gnoll hits you with a +0 whip.
* * * LOW HITPOINT WARNING * * *
The gnoll barely misses you.
You barely miss the gnoll. The gnoll barely misses you.
The gnoll hits you with a +0 whip.
* * * LOW HITPOINT WARNING * * *
The gnoll barely misses you.
You hit the gnoll.
The gnoll is heavily wounded.
You block the gnoll's attack. The gnoll barely misses you.
The gnoll hits you from afar with a +0 spear.
You die...

### #####.#
##...(.# ##..#.###
############..#..#
#.......##.....@##
##.......##...g)g#
.........##...g.##
##.......#......#
#...............#
......†.........#
##..............#
####...........#
#...#..##..##


You could see 3 gnolls.

Vanquished Creatures
  A centaur (D:3)
  An orc priest (D:3)
  A gnoll shaman (D:4)
  Ijyb (D:3)
  Natasha (thrice) (D:3)
  Terence (D:3)
  4 adders
  An ufetubus (D:4)
  A worm (D:3)
  3 dart slugs
  2 orcs (D:3)
  5 bats
  4 endoplasms
  2 giant cockroaches
  7 goblins
  6 hobgoblins
  6 jackals
  A kobold (D:3)
  3 quokkas
  6 ball pythons
  4 frilled lizards
  2 rats
65 creatures vanquished.

Vanquished Creatures (others)
  4 fungi (D:2)
4 creatures vanquished.

Grand Total: 69 creatures vanquished

Notes
Turn   | Place    | Note
-------+----------+-------------------------------------------
     0 | D:1      | experimilk the Palentonga Fighter began the quest for the
                  | Orb.
     0 | D:1      | Reached XP level 1. HP: 19/19 MP: 1/1
   114 | D:1      | Reached XP level 2. HP: 19/25 MP: 2/2
   369 | D:1      | Reached skill level 3 in Maces & Flails
   686 | D:1      | Found a faded altar of an unknown god.
   698 | D:1      | Reached XP level 3. HP: 21/31 MP: 3/3
  1462 | D:2      | Found a runed translucent door.
  1463 | D:2      | Noticed Crazy Yiuf
  1803 | D:3      | Noticed a centaur
  2075 | D:3      | Noticed Terence
  2083 | D:3      | Killed Terence
  2084 | D:3      | Reached skill level 4 in Maces & Flails
  2086 | D:3      | Reached XP level 4. HP: 37/37 MP: 4/4
  2133 | D:3      | Noticed Natasha
  2138 | D:3      | Killed Natasha
  2242 | D:3      | Killed a centaur
  2243 | D:3      | Reached skill level 5 in Maces & Flails
  2243 | D:3      | Reached XP level 5. HP: 18/43 MP: 5/5
  2246 | D:3      | Noticed Natasha
  2248 | D:3      | Killed Natasha
  2546 | D:3      | Noticed Ijyb
  2717 | D:3      | Killed Ijyb
  2718 | D:3      | Reached skill level 6 in Maces & Flails
  2721 | D:3      | Noticed Natasha
  2729 | D:3      | Killed Natasha
  2917 | D:3      | Reached XP level 6. HP: 50/50 MP: 6/6
  3329 | D:4      | Identified the +10 rapier of Popular Demand {flame, Str+2}
  3580 | D:4      | HP: 2/50 [gnoll/+0 whip (2)]
  3581 | D:4      | Slain by a gnoll

Illustrated notes

Levels and vault maps discovered:
D:1:      scummos_arrival_simple_crosswalls, layout_rooms,
          basic_ecumenical_altar
D:2:      layout_loops_ring, uniq_crazy_yiuf_cottage
D:3:      layout_basic, chequers_serial_rivers_micro_a, uniq_natasha,
          uniq_terence, uniq_ijyb
D:4:      layout_rooms, mainiacjoe_overflow_catwalk, grunt_qazlal_clouds

Skill      XL: |  1  2  3  4  5 |
---------------+----------------+-----
Maces & Flails | 3 4 5 6 |  6.3
Fighting       | |  3.6
Armour         | |  2.6
Shields        | |  2.4
Evocations     | |  0.8

Action                   |  1- 3 |  4- 6 || total
-------------------------+-------+-------++-------
Melee: Flail             |   117 |    72 ||   189
       Tailslap          |    16 |     6 ||    22
 Abil: Rolling Charge    |     2 |    12 ||    14
Evoke: Wand              |       |     8 ||     8
  Use: Potion            |     1 |     2 ||     3
       Scroll            |       |     3 ||     3
Armor: Scale mail        |    59 |    28 ||    87
Dodge: Dodged            |    49 |    31 ||    80
Block: Buckler           |    20 |    12 ||    32

Table legend: (Time is in decaauts)
 A = Elapsed time spent in this place.
 B = Non-inter-level travel time spent in this place.
 C = Inter-level travel time spent in this place.
 D = Time resting spent in this place.
 E = Time spent auto-exploring this place.
 F = Levels seen in this place.
 G = Mean time per level.
                   A        B        C        D        E       F      G
               +--------+--------+--------+--------+--------+-----+--------+
         Total |   3625 |   3446 |    179 |    654 |   2025 |   4 |  906.2 |
       Dungeon |   3625 |   3446 |    179 |    654 |   2025 |   4 |  906.2 |
               +--------+--------+--------+--------+--------+-----+--------+

Top non-repeatable levels by time:
     D:2: 1296 daAuts
     D:3: 1045 daAuts
     D:1: 938 daAuts
     D:4: 344 daAuts
